 Dungeon Crawl Stone Soup version 0.19-a0-1682-g5114f93 (webtiles) character file.

1115 Alarkh the Grave Robber (level 8, -8/52 HPs)
             Began as a Mummy Necromancer on Sept 24, 2016.
             Was a Believer of Okawaru.
             Killed from afar by an electric eel (12 damage)
             ... with a bolt of electricity
             ... on level 6 of the Dungeon.
             The game lasted 00:10:37 (5596 turns).

Alarkh the Grave Robber (Mummy Necromancer)         Turns: 5596, Time: 00:10:38

Health: -8/52      AC:  3    Str: 11    XL:     8   Next: 12%
Magic:  15/16      EV: 12    Int: 13    God:    Okawaru [**....]
Gold:   235        SH:  0    Dex: 13    Spells: 3 memorised, 10 levels left

rFire  x . .     SeeInvis .     b - +1 dagger (venom)
rCold  + . .     Gourm    .     u - +0 robe
rNeg   + + +     Faith    .     (no shield)
rPois  ∞         Spirit   .     (no helmet)
rElec  .         Dismiss  .     (no cloak)
rCorr  .         Reflect  .     f - -1 pair of gloves (curse)
MR     +....     Harm     .     (no boots)
Stlth  ++........               (no amulet)
                                p - -3 ring of intelligence (curse)
                                i - +4 ring of slaying

@: no status effects
A: no food or potions, fire vulnerability, cold resistance 1, negative energy
resistance 3, torment resistance, unbreathing
a: Heroism, Renounce Religion


You were on level 6 of the Dungeon.
You worshipped Okawaru.
Okawaru was pleased with you.
You were not hungry.

You visited 1 branch of the dungeon, and saw 6 of its levels.

You collected 235 gold pieces.

Inventory:

Hand Weapons
 a - a +0 scimitar
 b - a +1 dagger of venom (weapon)
 e - a +0 dagger
Missiles
 r - a throwing net (quivered)
Armour
 f - a cursed -1 pair of gloves (worn)
 l - a +0 buckler
 o - a +1 pair of gloves
 u - a +0 robe (worn)
Magical Staves
 x - an uncursed staff of summoning
Jewellery
 i - a +4 ring of slaying (left hand)
 p - a cursed -3 ring of intelligence (right hand)
 w - an uncursed ring of wizardry {unknown}
Wands
 v - a wand of confusion (28/48)
Scrolls
 c - a scroll of fear {unknown}
 d - a scroll of random uselessness {unknown}
 g - 3 scrolls of teleportation
 h - 2 scrolls of fog
 j - 3 scrolls of identify {unknown}
 k - 2 scrolls of magic mapping
 m - a scroll of noise
 n - 2 scrolls of enchant armour
 q - a scroll of recharging {unknown}
 s - a scroll of immolation {unknown}
 t - a scroll of amnesia {unknown}
 y - a scroll of remove curse {unknown}
Books
 z - a book of Necromancy

   Spells                             Type                      Level
   a - Pain                           Necromancy                   1
   b - Animate Skeleton               Necromancy                   1
   c - Vampiric Draining              Necromancy                   3
   d - Regeneration                   Charms/Necromancy            3
   e - Animate Dead                   Necromancy                   4
   f - Control Undead                 Necromancy                   4


   Skills:
 * Level 3.3 Long Blades
 - Level 1.5 Dodging
 - Level 1.5 Stealth
 + Level 5.7 Spellcasting
 + Level 7.3 Necromancy


You had 10 spell levels left.
You knew the following spells:

 Your Spells              Type           Power        Failure   Level  Hunger
a - Vampiric Draining     Necr           ###.......   2%          3    N/A
b - Pain                  Necr           ###.         1%          1    N/A
c - Control Undead        Necr           ###.......   12%         4    N/A

Dungeon Overview and Level Annotations

Branches:
Dungeon (6/15)
 Temple: D:4-7

Altars:
Ashenzari
Dithmenos
Elyvilon
Fedhas
Okawaru
Sif Muna
Vehumet
Zin


Innate Abilities, Weirdness & Mutations

You do not eat or drink.
Your flesh is vulnerable to fire.
You are immune to poison.
Your flesh is cold resistant. (rC+)
You are immune to negative energy. (rN+++)
You are immune to unholy pain and torment.
You can survive without breathing.


Message History

* * * LOW HITPOINT WARNING * * *
The bolt of electricity hits the electric eel.
The electric eel completely resists.
The bolt of electricity hits the plant. x2
The hound zombie splashes around in the water.
Casting: Vampiric Draining
Confirm with . or Enter, or press ? or * to list all spells.
Okay, then.
The electric eel shoots out a bolt of lightning at you!
The bolt of electricity hits you!
* * * LOW HITPOINT WARNING * * *
The hound zombie splashes around in the water.
Casting: Vampiric Draining
Confirm with . or Enter, or press ? or * to list all spells.
Aiming: Pain
Press: ? - help, Shift-Dir - straight line, f - electric eel
Aim: an electric eel (chance to defeat MR: 87%)
The electric eel writhes in agony!
The electric eel shoots out a bolt of lightning at you!
The bolt of electricity hits you!
You die...

#####.##### ###.# #......÷..#
#...# #.###.###.# #...##
#.....).#.# #########..≈≈#
######<#.#.# ###..........≈♣##
.........#.# #........≈≈..≈♣P#
##.......#.###.#.....≈P...≈≈♣♣
#...#.<.)...#.#..♣≈♣≈PP≈.≈≈≈≈
#...#.#.#.#.#.#@♣≈≈≈≈≈≈..≈≈≈≈♣
###.#.#...#.#.#.;≈PP≈P≈≈..≈≈≈♣
# #.##.##.#.#.♣≈P≈≈≈≈..≈≈≈≈♣
.#.#.....#.##♣♣≈≈≈≈≈≈..≈P≈♣
..............♣PP≈PP≈)...P≈
#.#.........##♣P≈≈≈PP≈..≈≈≈
########### #♣≈≈≈Z≈≈..P≈♣
..≈≈≈≈≈...≈P♣ ###♣P≈≈≈≈...♣#


You could see an electric eel and a hound zombie.

Vanquished Creatures
  An orc warrior (D:4)
  2 ice beasts (D:5)
  An ogre (D:4)
  A howler monkey (D:5)
  2 crimson imps
  A hound (D:5)
  An orc priest (D:5)
  A centaur skeleton (D:6)
  Jessica (D:2)
  Natasha (thrice) (D:2)
  5 orc wizards
  2 worker ants
  A hound skeleton (D:4)
  7 gnolls
  5 adders
  A shadow imp (D:6)
  An adder skeleton (D:4)
  6 worms
  4 leopard geckos
  25 orcs
  A ball python (D:1)
  3 bats
  5 giant cockroaches
  10 hobgoblins
  2 quokkas
  6 frilled lizards
  8 goblins
  5 kobolds
  A quokka skeleton (D:3)
  6 rats
118 creatures vanquished.

Notes
Turn   | Place    | Note
-------+----------+-------------------------------------------
     0 | D:1      | Alarkh the Mummy Necromancer began the quest for the Orb.
     0 | D:1      | Reached XP level 1. HP: 13/13 MP: 3/3
   427 | D:1      | Reached XP level 2. HP: 19/19 MP: 0/5
   879 | D:2      | Reached XP level 3. HP: 24/24 MP: 0/7
  1147 | D:2      | Found an iron altar of Okawaru.
  1155 | D:2      | Became a worshipper of Warmaster Okawaru
  1204 | D:2      | Noticed Jessica
  1237 | D:2      | Killed Jessica
  1237 | D:2      | Reached XP level 4. HP: 30/30 MP: 1/8
  1242 | D:2      | Learned a level 3 spell: Vampiric Draining
  1247 | D:2      | Learned a level 4 spell: Control Undead
  1251 | D:2      | Found a blossoming altar of Fedhas.
  1262 | D:2      | Reached skill level 5 in Necromancy
  1300 | D:2      | Found a glowing silver altar of Zin.
  1385 | D:2      | Found a shadowy altar of Dithmenos.
  1465 | D:2      | Noticed Natasha
  1480 | D:2      | Killed Natasha
  1689 | D:2      | Found a blossoming altar of Fedhas.
  1698 | D:2      | Noticed Natasha
  1707 | D:2      | Killed Natasha
  1707 | D:2      | Reached XP level 5. HP: 32/35 MP: 0/10
  1737 | D:2      | Found a glowing silver altar of Zin.
  1775 | D:2      | Noticed Natasha
  1814 | D:2      | Killed Natasha
  2001 | D:3      | Reached * piety under Okawaru
  2112 | D:3      | Found a radiant altar of Vehumet.
  2659 | D:3      | Reached XP level 6. HP: 30/41 MP: 0/12
  2741 | D:3      | Reached skill level 6 in Necromancy
  3301 | D:4      | Found a shattered altar of Ashenzari.
  3301 | D:4      | Found a deep blue altar of Sif Muna.
  3478 | D:5      | Entered Level 5 of the Dungeon
  3485 | D:5      | Noticed an orc warrior
  3908 | D:4      | Killed an orc warrior
  3908 | D:4      | Reached skill level 5 in Spellcasting
  3908 | D:4      | Reached XP level 7. HP: 25/46 MP: 14/14
  4104 | D:5      | Reached skill level 1 in Long Blades
  4124 | D:5      | Reached ** piety under Okawaru
  4497 | D:5      | Reached skill level 7 in Necromancy
  4547 | D:5      | Found a white marble altar of Elyvilon.
  5114 | D:5      | Reached XP level 8. HP: 42/52 MP: 4/16
  5596 | D:6      | Killed from afar by an electric eel

Vault maps used:
D:1:      lemuel_arrival_tunnels
D:2:      nicolae_overflow_crystal_walls, grunt_dithmenos_smoke_and_mirrors,
          lemuel_round_altar, lemuel_round_altar, uniq_jessica, uniq_natasha
D:3:      fiery_altar_vehumet
D:4:      gammafunk_temple_overflow_wave
D:5:      kennysheep_mini_moat, first_bread, kennysheep_doodads,
          serial_park_tiny_1
D:6:      serial_bayou_ford_a, minmay_misc_feat_cross, tgw_xom

Skill      XL: |  1  2  3  4  5  6  7 |
---------------+----------------------+-----
Spellcasting   | 3 4 5 |  5.7
Necromancy     | 5 6 7 |  7.3
Long Blades    | 3 |  3.3
Dodging        | |  1.5
Stealth        | |  1.5

Action                   |  1- 3 |  4- 6 |  7- 9 || total
-------------------------+-------+-------+-------++-------
Melee: Dagger            |    26 |    46 |    84 ||   156
       Unarmed           |     1 |       |       ||     1
       Scimitar          |       |       |     3 ||     3
 Cast: Pain              |    61 |   149 |    30 ||   240
       Vampiric Draining |       |     3 |    19 ||    22
  Use: Scroll            |     1 |     4 |       ||     5
 Stab: Sleeping          |     1 |     1 |       ||     2
Armor: Robe              |    10 |    10 |    11 ||    31
Dodge: Dodged            |    30 |    60 |    62 ||   152
